Gremble, chaotic male elven Priest ---- ------ |..| --.|..| --..---- --.%...---......-- |................| --...............*| ---- |..............---- .... --..........%.-- .... |....----..--)| ... |....| |..||.| .. --.--- ----|%--- .. --- |@aa| ---- .. ---.--|..----- ..- |...|.*.|..| ..| ---.--....- ---... |..)...-- |... --.....----.| |<.........| ---.....---- ------- Gremble the Adept Experience level: 6 Strength: 12 Dexterity: 14 Constitution: 14 Intelligence: 10 Wisdom: 18 Charisma: 10 Health: 0(41) Energy: 66(66) Def: 10 Gold: 194 Moves: 2670 Dungeon seed: babK1_y6pKdch9Au Game ID: Gremble_1615334995 Your Inventory: Coins $ - 194 gold pieces Weapons a - a blessed +1 mace (weapon in hand) l - 8 +0 darts (in quiver) t - a +0 elven dagger w - a +0 dagger F - a blessed +0 elven dagger M - 3 +0 arrows Armor e - a +0 robe (being worn) n - a +0 small shield y - a +0 leather armor (being worn) N - a +0 pair of low boots O - a +0 dwarvish iron helm (being worn) S - a +0 mummy wrapping T - a +0 shield of reflection (being worn) Y - a +0 pair of iron shoes (being worn) Comestibles c - a clove of garlic d - a sprig of wolfsbane i - a eucalyptus leaf o - 5 food rations u - a tripe ration A - an apple P - 2 slime molds Scrolls m - a cursed scroll of amnesia R - a scroll of genocide Spellbooks f - a spellbook of healing g - a spellbook of extra healing Potions b - 4 potions of holy water G - a potion of healing Rings v - a ring of conflict Tools h - a leather drum s - a tin opener C - a brass lantern (0:443) E - a wax candle (0:400) H - a +0 pick-axe L - a blindfold Q - 5 tallow candles (0:200) Gems q - 2 worthless pieces of blue glass r - a worthless piece of black glass z - a worthless piece of red glass I - 2 worthless pieces of orange glass J - a worthless piece of yellow glass K - an amber stone Spells and supernatural/magical abilities: Name Level Category Fail Memory h - healing 1 healing 59% 69% x - extra healing 3 healing 94% 69% W - pray for help -- divine ? -- X - turn undead -- divine ? -- Your skills at the end: Fighting Skills Weapon Skills mace [Basic] Spellcasting Skills clerical spells [Basic] Final Attributes: You were piously aligned. You were sleep resistant. You had infravision. You had reflection. You are dead. Vanquished creatures: a large mimic a gnome king a gnome mummy a pony a yellow light a gnome lord a baby crocodile 3 giant ants a little dog a floating eye 2 kittens 2 dwarves a giant bat 3 iguanas an acid blob 2 coyotes a gas spore 4 hobbits 16 gnomes 2 geckos 8 jackals 2 foxes a kobold a goblin 3 sewer rats 4 grid bugs 2 lichens a kobold zombie 3 newts 71 creatures vanquished. Voluntary challenges: You had been an atheist until turn 2649. You used a wielded weapon 102 times, starting on turn 2. You read items or engraved 2 times, starting on turn 333. You never genocided any monsters. You never polymorphed an object. You never changed form. You used no wishes. You never split a pudding. You never wrote Elbereth's name. You violated your moral code, losing 3 points of alignment, starting on turn 1816. Dungeon overview: The Dungeons of Doom: levels 1 to 4 Level 1 a long staircase Level 2 Level 3 Level 4 a general store, a fountain stairs to The Gnomish Mines The Gnomish Mines: levels 5 to 6 Level 5 stairs to The Dungeons of Doom Level 6 <- You were here History has recorded: On T:1 you entered the Dungeons of Doom to retrieve the Amulet of Yendor! On T:383 you reached level 2 of The Dungeons of Doom. On T:438 you advanced to experience level 2. On T:866 you advanced to experience level 3. On T:940 you reached level 3 of The Dungeons of Doom. On T:1266 you advanced to experience level 4. On T:1557 you reached level 4 of The Dungeons of Doom. On T:1755 you advanced to experience level 5. On T:1827 you reached level 1 of The Gnomish Mines. On T:2339 you advanced to experience level 6. On T:2377 you reached level 2 of The Gnomish Mines. Score breakdown: Gold: 194 ( 7789 points) Experience: 6 levels (12456 points) Exploration: 6 levels ( 12.00%) ( 9583 points) Discoveries: 7 items ( 2.45%) ( 4693 points) Valuables value: (no points given unless you survive) Artifact value: 0 ( 0 points) Variety of kills: 29 monsters ( 7.61%) ( 8276 points) Turncount: 2670 turns ( -427 points) Survival: died (score multiplied by 80%) Total score: 33896 Latest messages: The gray unicorn kicks! The gray unicorn butts! The gray unicorn misses. You begin praying to Offler. You are surrounded by a shimmering light. The gray unicorn starts to attack you, but pulls back. (6x) You feel that Offler is well-pleased. You feel much better. The gray unicorn butts! The gray unicorn just misses! The gray unicorn butts! The gray unicorn kicks! You see here a partly eaten gnome corpse. You see here 4 daggers. You stop running. The gnome hits! You miss the gnome. You kill the gnome! You see here a gnome corpse. You miss the soldier ant. The soldier ant bites! The soldier ant stings! The soldier ant bites! The soldier ant stings! You die... Final status: Goodbye Gremble the Priest, killed by a soldier ant... You died in The Gnomish Mines on dungeon level 6 with 33896 points, and 194 pieces of gold, after 2670 moves. You were level 6 with a maximum of 41 hit points when you died.